 Dungeon Crawl Stone Soup version 0.17-a0-1763-g847a857 (console) character file.

116 Illiel the Shooter (level 4, -3/29 HPs)
             Began as a High Elf Arcane Marksman on Sept 4, 2015.
             Killed by divine providence
             ... invoked by an orc priest
              (12 damage)
             ... on level 3 of the Dungeon.
             The game lasted 00:11:46 (2490 turns).

Illiel the Shooter (High Elf Arcane Marksman)       Turns: 2490, Time: 00:11:46

Health: -3/29      AC:  3    Str: 10    XL:     4   Next: 70%
Magic:  1/6        EV: 14    Int: 16    God:
Gold:   165        SH:  0    Dex: 16    Spells: 2 memorised, 2 levels left

rFire  . . .     SeeInvis .     a - +0 shortbow
rCold  . . .     Clarity  .     c - +0 robe
rNeg   . . .     SustAt   .     (no shield)
rPois  .         Gourm    .     (no helmet)
rElec  .         Spirit   .     (no cloak)
rCorr  .         Warding  .     (no gloves)
rMut   .         Stasis   .     g - +0 pair of boots
MR     .....                    (no amulet)
Stlth  +.........               (no ring)
                                (no ring)

@: very slightly contaminated, not resistant to hostile enchantments, very
unstealthy
A: no striking features
a: no special abilities


You were on level 3 of the Dungeon.
You were hungry.

You visited 1 branch of the dungeon, and saw 3 of its levels.

You collected 165 gold pieces.

Inventory:

Hand weapons
 a - a +0 shortbow (weapon)
 b - a +2 dagger of speed
Missiles
 i - 26 arrows (quivered)
 j - 24 poisoned arrows
Armour
 c - a +0 robe (worn)
 g - a +0 pair of boots (worn)
Jewellery
 l - an uncursed ring of ice
Scrolls
 h - a scroll of remove curse {unknown}
 n - a scroll of teleportation {unknown}
 s - a scroll of enchant armour {unknown}
Potions
 f - 3 potions of curing {unknown}
 k - a potion of cure mutation {unknown}
 q - a potion of invisibility {unknown}
 t - a potion of mutation {unknown}
Books
 d - a book of Debilitation

   Spells                             Type                      Level
   a - Corona                         Hexes                        1
   b - Slow                           Hexes                        2
   c - Gell's Gravitas                Hexes/Translocation          3
   d - Inner Flame                    Hexes/Fire                   3
   e - Cause Fear                     Hexes                        4
   f - Leda's Liquefaction            Hexes/Earth                  4
Comestibles
 e - a bread ration
 m - 2 chunks of flesh
 o - a meat ration
 p - a fruit
 r - 2 beef jerkies


   Skills:
 + Level 2.1 Fighting
 * Level 5.0 Bows
 + Level 3.5 Dodging
 + Level 1.2 Spellcasting
 + Level 3.0 Hexes


You had 2 spell levels left.
You knew the following spells:

 Your Spells              Type           Power        Failure   Level  Hunger
a - Corona                Hex            ##.....      10%         1    ##.....
b - Slow                  Hex            ##......     12%         2    ###....


Dungeon Overview and Level Annotations

Branches:
Dungeon (3/15)

Altars:

Annotations:
D:3 Robin


Message History

Unknown command.
Casting: Slow
Confirm with . or Enter, or press ? or * to list all spells.
Aiming: Corona
Press: ? - help, Shift-Dir - straight line, f/p - orc priest
Aim: an orc priest, wielding a war axe (chance to defeat MR: 46%)
The orc priest resists with significant effort.
Firing (i - inventory. (,) - cycle):
i - 27 arrows (quivered)
Press: ? - help, Shift-Dir - straight line, f/p - orc priest
Aim: an orc priest, wielding a war axe You shoot an arrow.
The arrow hits the orc priest.
The orc priest is moderately wounded.
The orc priest invokes the aid of Beogh against you.
Pain shoots through your body!
* * * LOW HITPOINT WARNING * * *
You are too injured to fight recklessly!
The orc priest looks braver for a moment.
The orc priest calls down the wrath of Beogh upon you.
Something smites you!
You die...

∙∙∙∙∙∙∙∙∙▒ ▒∙▒ ▒∙▒∙∙ ▒▒∙▒▒▒▒▒▒▒
▒∙▒∙∙ ▒▒∙▒▒▒▒▒▒ ∙∙▒▒▒
∙∙∙∙∙∙(∙▒▒▒▒▒▒▒▒▒▒▒▒▒▒▒ ▒▒ ▒∙
∙∙∙∙∙∙∙∙▒∙∙∙∙∙∙∙∙∙∙∙∙∙▒ ▒▒▒▒▒▒▒∙
)∙∙∙∙∙∙∙▒∙▒▒▒▒▒▒▒▒▒▒▒∙▒▒▒▒∙∙∙)<▒∙
∙∙∙∙∙∙∙∙▒∙▒▒▒∙∙∙∙∙∙∙∙∙∙∙∙▒∙▒▒▒▒▒▒
∙∙∙▒▒▒∙∙∙∙∙∙∙∙▒∙∙∙∙∙∙∙∙∙∙▒∙∙∙∙∙∙∙
▒▒▒▒ ▒∙∙∙∙∙∙∙∙∙∙∙∙∙∙▒∙▒▒▒▒∙∙▒▒▒▒▒
▒[∙▒∙▒▒∙∙∙∙∙∙∙∙▒∙∙∙∙∙∙∙▒∙∙∙∙
▒∙∙▒∙∙∙∙∙∙∙∙∙∙∙∙∙∙∙∙∙∙∙▒∙▒▒▒
▒∙∙▒∙▒▒▒▒▒▒∙%∙∙▒∙∙∙∙∙∙∙∙∙∙∙∙
▒∙∙▒∙∙▒∙∙∙∙∙∙)∙▒∙▒▒▒▒▒▒▒∙▒▒▒
∙∙∙▒∙∙▒∙▒▒▒▒∙∙∙▒∙▒ ▒∙▒▒▒ ∙∙∙∙▒∙∙▒
▒∙∙∙∙∙∙▒∙▒ ▒∙∙∙∙


∙∙∙∙ ▒∙▒∙∙∙∙▒∙▒ ▒▒▒▒▒ ∙∙∙∙ ▒ ▒@∙∙∙▒∙▒ ▒∙∙▒ ▒∙∙∙∙▒∙▒ ▒∙∙▒ ▒∙∙∙∙▒∙▒ ▒∙∙▒ ▒∙∙∙∙▒∙▒
▒∙∙▒ ▒▒▒▒▒▒▒∙∙▒ ∙∙▒▒▒∙∙▒ ∙∙∙∙∙∙∙∙∙▒ ∙∙∙∙∙∙∙▒▒▒▒▒▒▒▒▒▒▒▒∙▒ ∙∙[∙∙∙∙∙∙∙∙(∙oo∙∙∙∙o▒
∙∙∙o∙▒▒▒▒▒▒▒▒▒▒▒▒▒▒▒▒ ∙o∙∙∙ ∙∙∙∙ ▒▒∙[ ▒∙ ▒▒ You could see an orc priest.

Vanquished Creatures
  2 adders (D:2)
  An ooze (D:1)
  2 worms (D:2)
  2 giant geckos
  3 orcs (D:3)
  A ball python (D:1)
  11 bats
  2 giant cockroaches (D:2)
  16 goblins
  10 hobgoblins
  12 kobolds
  4 giant newts
  4 jackals (D:2)
  A quokka (D:2)
  6 rats
77 creatures vanquished.

Notes
Turn   | Place    | Note
--------------------------------------------------------------
     0 | D:1      | Illiel the High Elf Arcane Marksman began the quest for the Orb.
     0 | D:1      | Reached XP level 1. HP: 13/13 MP: 3/3
   147 | D:1      | Reached XP level 2. HP: 9/18 MP: 2/4
   657 | D:1      | Reached skill level 4 in Bows
   710 | D:1      | Reached XP level 3. HP: 16/23 MP: 5/5
   759 | D:1      | Learned a level 2 spell: Slow
  1503 | D:2      | Reached XP level 4. HP: 26/29 MP: 3/6
  2006 | D:3      | Noticed Robin
  2443 | D:3      | Reached skill level 5 in Bows
  2490 | D:3      | Killed from afar by an orc priest

Vault maps used:
D:1:      minmay_arrival_shattered_statue, minmay_misc_feat_room
D:2:      roderic_nine_men_s_morris
D:3:      lemuel_doored_altar, grunt_ministairs_10, uniq_robin

Action                   |  1- 3 |  4- 6 || total
-------------------------+-------+-------++-------
Melee: Dagger            |    96 |   122 ||   218
 Fire: Shortbow          |    68 |    14 ||    82
 Cast: Corona            |    27 |     3 ||    30
       Slow              |     1 |     6 ||     7
 Stab: Sleeping          |       |     2 ||     2
  Eat: Chunk             |     3 |     3 ||     6
